 Dungeon Crawl Stone Soup version 0.24.0-123-gd5b16e6ec5 (webtiles) character file.

Game seed: 16750803414931175479, levelgen mode: deterministic

11904 Chiseanne the Protected (level 11, 0/75 HPs)
             Began as a Demonspawn Warper on Jan 10, 2020.
             Was an Initiate of Gozag.
             Slain by a nine-headed hydra (8 damage)
             ... on level 1 of the Lair of Beasts.
             The game lasted 00:41:28 (15062 turns).

Chiseanne the Protected (Demonspawn Warper)        Turns: 15062, Time: 00:41:28

Health: 0/75       AC: 18    Str: 18    XL:     11   Next: 55%
Magic:  20/20      EV: 15    Int: 17    God:    Gozag
Gold:   1031       SH:  8    Dex: 19    Spells: 8/22 levels left

rFire    . . .     SeeInvis .   w - +1 hand axe (flame)
rCold    . . .     Gourm    .   y - +2 buckler
rNeg     + + .     Faith    .   g - +3 ring mail {rF+}
rPois    +         Spirit   .   (no helmet)
rElec    .         Reflect  .   K - +0 cloak
rCorr    .         Harm     .   M - +2 pair of gloves of the Hanged Man {rPois Int+2}
MR       .....                  (no boots)
Stlth    +++++++...             D - amulet of the acrobat
HPRegen  0.22/turn              I - ring of Xourio {rPois rF- rN++ Str+4 Stlth+}
MPRegen  0.17/turn              B - +3 ring of protection

@: no status effects
A: hooves 1, thin skeletal structure 3, demonic guardian 1, nightstalker 2
a: Potion Petition, Call Merchant, Bribe Branch, Renounce Religion


You were on level 1 of the Lair of Beasts.
You worshipped Gozag.
Gozag was most pleased with you.
You were not hungry.

You visited 3 branches of the dungeon, and saw 13 of its levels.

You collected 3846 gold pieces.
You spent 1642 gold pieces at shops.
You paid 1173 gold pieces to Gozag.

Inventory:

Hand Weapons
 a - a +1 short sword of draining
 l - a +0 hunting sling
 s - the +8 hand axe "Puoru" {pain, rElec Dex+4}
   (You bought it in a shop on level 8 of the Dungeon)

   In the hands of one skilled in necromantic magic, it inflicts extra damage on
   living creatures.
   It affects your dexterity (+4).
   It insulates you from electricity.
 w - a +1 hand axe of flaming (weapon)
Missiles
 j - 74 sling bullets
 k - 8 javelins (quivered)
 n - 34 bolts
 q - 40 poisoned darts
 x - 12 boomerangs
 G - a throwing net
Armour
 g - a +3 ring mail of fire resistance (worn)
 r - a +0 leather armour of cold resistance
 y - a +2 buckler (worn)
 K - a +0 cloak (worn)
 M - the +2 pair of gloves of the Hanged Man (worn) {rPois Int+2}
   (You bought it in a shop on level 8 of the Dungeon)

   It affects your intelligence (+2).
   It protects you from poison.
Magical Staves
 v - an uncursed staff of air
Jewellery
 u - an uncursed ring of flight
 B - a +3 ring of protection (right hand)
 D - an amulet of the acrobat (around neck)
 I - the ring of Xourio (left hand) {rPois rF- rN++ Str+4 Stlth+}
   (You found it on level 6 of the Dungeon)

   [ring of stealth]

   It affects your strength (+4).
   It makes you vulnerable to fire.
   It protects you from poison.
   It greatly protects you from negative energy.
   It makes you more stealthy.
Wands
 c - a wand of flame (27)
 h - a wand of random effects (25)
 i - a wand of scattershot (1)
 J - a wand of disintegration (41)
Scrolls
 d - 3 scrolls of blinking
 e - 2 scrolls of amnesia
 m - a scroll of fear
 A - 3 scrolls of remove curse
 C - 5 scrolls of teleportation
 F - 2 scrolls of enchant armour
 H - a scroll of magic mapping
Potions
 o - 2 potions of might {unknown}
 p - 2 potions of curing
 t - 2 potions of cancellation {unknown}
 z - a potion of flight {unknown}
 E - 4 potions of mutation
 L - a potion of resistance {unknown}
 N - a potion of berserk rage {unknown}
 P - a potion of invisibility {unknown}
Miscellaneous
 b - a sack of spiders
Comestibles
 f - 11 rations


   Skills:
 - Level 3.4 Fighting
 - Level 3.0(4.3) Short Blades
   Level 4.8(5.2) Long Blades
 - Level 0.8 Throwing
 + Level 10.7 Armour
 - Level 5.9 Dodging
 - Level 5.3 Stealth
 - Level 4.4 Shields
 - Level 6.0 Spellcasting
 - Level 5.7 Translocations


You had 8 spell levels left.
You knew the following spells:

 Your Spells              Type           Power        Failure   Level  Hunger
a - Blink                 Tloc           N/A          3%          2    None
b - Shroud of Golubria    Chrm/Tloc      ##....       10%         2    None
c - Lesser Beckoning      Tloc           ###.......   6%          3    ##.....
d - Teleport Other        Tloc           ###.....     6%          3    ##.....
e - Passage of Golubria   Tloc           N/A          19%         4    ####...

Your spell library contained the following spells:

 Spells                   Type           Power        Failure   Level  Hunger
 Gell's Gravitas          Tloc           ###.......   6%          3    ##.....
 Confusing Touch          Hex            #.....       21%         1    None
 Freeze                   Ice            #...         21%         1    None
 Sting                    Conj/Pois      #...         21%         1    None
 Poisonous Vapours        Pois/Air       #.....       30%         2    None
 Throw Frost              Conj/Ice       #.....       30%         2    None
 Inner Flame              Hex/Fire       #.......     52%         3    ##.....
 Mephitic Cloud           Conj/Pois/Air  #.......     52%         3    ##.....
 Ozocubu's Armour         Chrm/Ice       #.......     52%         3    ##.....
 Regeneration             Chrm/Necr      #.........   52%         3    ##.....
 Tukima's Dance           Hex            #.......     52%         3    ##.....
 Fulminant Prism          Conj/Hex       #.........   89%         4    ####...
 Olgreb's Toxic Radiance  Pois           #.......     89%         4    ####...
 Summon Ice Beast         Ice/Summ       #.......     89%         4    ####...
 Throw Icicle             Conj/Ice       #.......     89%         4    ####...
 Venom Bolt               Conj/Pois      #.........   99%         5    #####..
 Darkness                 Hex            #.........   100%        6    #######


Dungeon Overview and Level Annotations

Branches:
Dungeon (11/15)            Temple (1/1) D:6            Lair (1/6) D:10
    Orc (0/2) D:9

Altars:
Ashenzari
Elyvilon
Fedhas
Gozag
Kikubaaqudgha
Nemelex Xobeh
Qazlal
Trog
Wu Jian
Xom
Yredelemnul
The Shining One
Beogh

Shops:
D:6 [   D:8 *[(

Annotations:
D:6 2 transporters, Saltbearer's ghost, novice OgFi


Innate Abilities, Weirdness & Mutations

You have large cloven feet.
You have an unnaturally thin skeletal structure. (Dex +6, Stealth++)
A weak demonic guardian rushes to your aid.
You are significantly more attuned to the shadows.


Message History

The nine-headed hydra closely misses you.
The nine-headed hydra completely misses you.
The nine-headed hydra bites you. The nine-headed hydra misses you.
The nine-headed hydra bites you.
The nine-headed hydra bites you but does no damage.
You block the nine-headed hydra's attack.
Your iron imp closely misses the nine-headed hydra.
You hit the nine-headed hydra. You burn the nine-headed hydra.
The nine-headed hydra is almost dead.
You block the nine-headed hydra's attack. x2
The nine-headed hydra bites you!
* * * LOW HITPOINT WARNING * * *
The nine-headed hydra bites you.
* * * LOW HITPOINT WARNING * * *
The nine-headed hydra barely misses you.
The nine-headed hydra misses you.
The nine-headed hydra bites you but does no damage. x2
The nine-headed hydra bites you!
You die...
Your body crumbles into a pile of gold.

## ### ###
##.#########.####.####
......................
.............P########
.?...........## #
....D@.......# #
.....5.......# #
##.######....# # #
#...# # ... # #


You could see a nine-headed hydra and a friendly iron imp.

Vanquished Creatures
  A death yak (D:10)
  An unseen horror (D:10)
  An elephant (D:10)
  A centaur skeleton (D:10)
  2 trolls (D:9)
  A queen bee (D:9)
  A hornet (D:8)
  Grinder (D:4)
  2 hippogriffs
  Sigmund (D:2)
  8 yaks (D:9)
  A basilisk (D:10)
  Grum (D:9)
  A hungry ghost (D:8)
  Edmund (D:5)
  3 ice beasts
  3 orc warriors (D:9)
  2 sky beasts
  3 black bears
  A phantom (D:10)
  3 necrophages
  2 ogres
  4 wolves (D:9)
  4 centaurs
  A crocodile (D:10)
  10 bullfrogs
  A gnoll sergeant (D:6)
  A wyvern skeleton (D:9)
  4 scorpions
  17 killer bees
  2 howler monkeys
  4 crimson imps
  2 jellies
  5 orc priests
  7 hounds
  2 orc wizards
  Crazy Yiuf (D:5)
  5 iguanas
  Ijyb (D:5)
  A hell rat (D:7)
  9 worker ants
  A hound zombie (D:9)
  A howler monkey zombie (D:8)
  2 worker ant zombies
  11 gnolls
  15 adders
  6 river rats (D:7)
  2 oozes
  An adder zombie (D:5)
  An adder skeleton (D:9)
  7 worms
  2 dart slugs
  10 leopard geckos
  31 orcs
  4 giant cockroaches
  15 goblins
  6 hobgoblins
  19 jackals
  6 quokkas
  7 bats
  12 frilled lizards
  11 kobolds
  A leopard gecko skeleton (D:4)
  29 rats
  A plant (D:10)
323 creatures vanquished.

Vanquished Creatures (collateral kills)
  2 two-headed ogres
  A basilisk (D:10)
  2 orc warriors (D:9)
  A necrophage (D:5)
  A centaur (D:6)
  4 killer bees (D:9)
  A crimson imp (D:5)
  A gnoll (D:6)
  An adder (D:5)
  A jackal (D:8)
15 creatures vanquished.

Grand Total: 338 creatures vanquished

Notes
Turn   | Place    | Note
-------+----------+-------------------------------------------
     0 | D:1      | Chiseanne the Demonspawn Warper began the quest for the
                  | Orb.
     0 | D:1      | Reached XP level 1. HP: 16/16 MP: 3/3
   292 | D:1      | Gained mutation: You have a somewhat thin skeletal
                  | structure. (Dex +2, Stealth) [demonic ancestry]
   292 | D:1      | Reached XP level 2. HP: 22/22 MP: 5/5
  1084 | D:2      | Gained mutation: You have a moderately thin skeletal
                  | structure. (Dex +4, Stealth+) [demonic ancestry]
  1084 | D:2      | Reached XP level 3. HP: 21/28 MP: 6/6
  1480 | D:2      | Noticed Sigmund
  1508 | D:2      | Killed Sigmund
  1508 | D:2      | Gained mutation: You have an unnaturally thin skeletal
                  | structure. (Dex +6, Stealth++) [demonic ancestry]
  1508 | D:2      | Reached XP level 4. HP: 5/35 MP: 6/8
  1508 | D:2      | Gained mutation: You are slightly more attuned to the
                  | shadows. [demonic ancestry]
  1508 | D:2      | Reached XP level 5. HP: 6/41 MP: 6/9
  2043 | D:2      | Learned a level 2 spell: Blink
  2046 | D:2      | Learned a level 2 spell: Shroud of Golubria
  2050 | D:2      | Learned a level 3 spell: Lesser Beckoning
  2054 | D:2      | Learned a level 3 spell: Teleport Other
  2111 | D:2      | HP: 2/41 [poisoned by an adder]
  2495 | D:2      | Found a bloodstained altar of Trog.
  2831 | D:2      | Reached XP level 6. HP: 47/47 MP: 11/11
  4020 | D:3      | Reached skill level 1 in Stealth
  4830 | D:4      | Found a stormy altar of Qazlal.
  5070 | D:4      | Noticed Grinder
  5122 | D:4      | Gained mutation: A weak demonic guardian rushes to your
                  | aid. [demonic ancestry]
  5122 | D:4      | Reached XP level 7. HP: 34/52 MP: 12/12
  5636 | D:4      | Killed Grinder
  6406 | D:5      | Entered Level 5 of the Dungeon
  6555 | D:5      | Noticed Edmund
  6589 | D:5      | Reached XP level 8. HP: 57/58 MP: 14/14
  6674 | D:5      | Noticed Ijyb
  6677 | D:5      | Killed Ijyb
  7232 | D:6      | Found a staircase to the Ecumenical Temple.
  7263 | Temple   | Entered the Ecumenical Temple
  7282 | Temple   | Became a worshipper of Gozag Ym Sagoz the Greedy
  7406 | D:6      | Noticed a hornet
  7425 | D:6      | Found a transporter.
  7428 | D:6      | Found a transporter.
  7428 | D:6      | Noticed a queen bee
  7429 | D:6      | Noticed Saltbearer's ghost (novice OgFi)
  7501 | D:6      | Reached skill level 1 in Shields
  7600 | D:6      | Found Oceann's Armour Shop.
  7817 | D:5      | Killed Edmund
  8072 | D:5      | Found a runed translucent door.
  8073 | D:5      | Noticed Crazy Yiuf
  8077 | D:5      | Killed Crazy Yiuf
  8266 | D:6      | Gained mutation: You are significantly more attuned to the
                  | shadows. [demonic ancestry]
  8266 | D:6      | Reached XP level 9. HP: 64/64 MP: 16/16
  8354 | D:6      | Got a brightly glowing granite ring
  8763 | D:6      | Identified the ring of Xourio {rPois rF- rN++ Str+4 Stlth+}
                  | (You found it on level 6 of the Dungeon)
  8944 | D:7      | Learned a level 4 spell: Passage of Golubria
  8959 | D:7      | Reached skill level 5 in Spellcasting
  9037 | D:7      | Reached skill level 5 in Dodging
  9227 | D:7      | Reached skill level 1 in Short Blades
  9466 | D:7      | Reached skill level 5 in Translocations
  9613 | D:7      | Found the +2 ratskin cloak {+Rats rPois rN+ Str-1 Int-1
                  | Dex+1}
  9983 | D:8      | Reached skill level 5 in Stealth
 10509 | D:8      | Found Yczameek's Antique Weapon Shop.
 11156 | D:8      | Reached XP level 10. HP: 70/70 MP: 18/18
 11672 | D:8      | Bought a pair of ancient gloves for 256 gold pieces
 11672 | D:8      | Bought a scroll labeled CUERYFISAIP for 27 gold pieces
 11672 | D:8      | Bought a viscous yellow potion for 24 gold pieces
 11672 | D:8      | Bought a scroll labeled DEZXOE LIARE for 27 gold pieces
 11675 | D:8      | Bought a scroll of teleportation for 81 gold pieces
 11675 | D:8      | Bought a scroll of remove curse for 81 gold pieces
 11675 | D:8      | Bought an ebony hand axe for 216 gold pieces
 11678 | D:8      | Identified the +8 hand axe "Puoru" {pain, rElec Dex+4} (You
                  | bought it in a shop on level 8 of the Dungeon)
 11695 | D:8      | Identified the +2 pair of gloves of the Hanged Man {rPois
                  | Int+2} (You bought it in a shop on level 8 of the Dungeon)
 11708 | D:8      | Bought a +3 ring mail of fire resistance for 390 gold
                  | pieces
 11732 | D:8      | Bought a sack of spiders for 540 gold pieces
 11747 | D:9      | Reached skill level 1 in Armour
 11807 | D:9      | Reached skill level 2 in Armour
 11908 | D:9      | Reached skill level 3 in Armour
 12017 | D:9      | Reached skill level 4 in Armour
 12178 | D:9      | Found a shimmering altar of Xom.
 12189 | D:9      | Found a white marble altar of Elyvilon.
 12192 | D:9      | Found a blossoming altar of Fedhas.
 12195 | D:9      | Found a shattered altar of Ashenzari.
 12201 | D:9      | Noticed Grum
 12217 | D:9      | Killed Grum
 12227 | D:9      | Reached skill level 5 in Armour
 12278 | D:9      | Reached skill level 6 in Armour
 12655 | D:9      | Found an ornate altar of the Wu Jian Council.
 12671 | D:9      | Reached skill level 7 in Armour
 12885 | D:9      | Noticed a two-headed ogre
 12895 | D:9      | Killed a two-headed ogre
 12895 | D:9      | Reached skill level 8 in Armour
 12895 | D:9      | Gained mutation: You have large cloven feet. [demonic
                  | ancestry]
 12895 | D:9      | Reached XP level 11. HP: 53/75 MP: 20/20
 13124 | D:9      | Found a sparkling altar of Nemelex Xobeh.
 13166 | D:9      | Found a roughly hewn altar of Beogh.
 13217 | D:9      | Found a staircase to the Orcish Mines.
 13477 | D:10     | Entered Level 10 of the Dungeon
 13508 | D:10     | Reached skill level 9 in Armour
 13525 | D:10     | Noticed a death yak
 13681 | D:10     | Found a staircase to the Lair.
 13753 | D:10     | Identified Axzo Xasch's Reference Book on Enchantment and
                  | Good Luck
 13803 | D:10     | Noticed a two-headed ogre
 13915 | D:10     | Killed a death yak
 14393 | D:10     | Killed a two-headed ogre
 14393 | D:10     | Reached skill level 10 in Armour
 14825 | D:10     | Killed an unseen horror
 15032 | Lair:1   | Entered Level 1 of the Lair of Beasts
 15050 | Lair:1   | Noticed a seven-headed hydra
 15062 | Lair:1   | Slain by a nine-headed hydra

Levels and vault maps discovered:
D:1:      matt_arrival_spirals, layout_loops_ring, dk_noncrumbling_3,
          chequers_serial_rivers_large_a
D:2:      minmay_diamond_boxcup, layout_basic, lemuel_crystal_altar,
          uniq_sigmund
D:3:      layout_basic, first_ration
D:4:      layout_basic, cheibrodos_sewer_entry_bend, lemuel_tele_altar,
          uniq_grinder
D:5:      layout_cave_pools, uniq_ijyb, uniq_edmund, uniq_crazy_yiuf_cottage
D:6:      layout_basic, temple_pool_b, serial_shops, nicolae_shop_statue_plus,
          gammafunk_ghost_hive
D:7:      wander_guarded_unrand_ratskin, layout_basic
D:8:      layout_layer_cave, serial_shops, shop
D:9:      layout_loops_ring, nemelex_xobeh_ov_fountains_minmay,
          grunt_temple_overflow_cloverleaf, david_orc_5, basic_altar,
          david_nohive_1, uniq_grum
D:10:     layout_loops_ring, david_lair_generic, kennysheep_kite_vault
D:11:     layout_loops_ring, uniq_urug
Temple:   nicolae_temple_elliptical
Lair:1:   layout_chaotic_city, grunt_megastairs_3

Skill      XL: |  1  2  3  4  5  6  7  8  9 10 11 |
---------------+----------------------------------+-----
Long Blades    | 2 3 4 |  4.8
Dodging        | 2 3 4 5 |  5.9
Fighting       | 3 |  3.4
Spellcasting   | 3 4 5 6 |  6.0
Stealth        | 1 2 3 5 |  5.3
Translocations | 3 4 5 |  5.7
Shields        | 3 4 |  4.4
Short Blades   | 3 |  3.0
Armour         | 8 10 | 10.7
Throwing       | |  0.8

Action                   |  1- 3 |  4- 6 |  7- 9 | 10-12 || total
-------------------------+-------+-------+-------+-------++-------
Melee: Falchion          |   100 |   247 |   201 |       ||   548
       Dagger            |       |       |   200 |       ||   200
       Short sword       |       |       |    46 |    68 ||   114
       Hand axe          |       |       |       |   420 ||   420
       Kick              |       |       |       |   120 ||   120
Throw: Boomerang         |     5 |       |       |       ||     5
       Javelin           |     4 |     4 |    12 |     1 ||    21
       Dart              |       |       |    18 |       ||    18
Invok: Call Merchant     |       |       |       |     2 ||     2
Evoke: Wand              |       |       |     1 |     1 ||     2
  Use: Scroll            |     3 |     6 |     4 |     5 ||    18
       Potion            |     2 |     1 |     5 |       ||     8
 Stab: Sleeping          |     3 |    28 |    59 |    18 ||   108
       Distracted        |       |       |     6 |     9 ||    15
  Eat: Chunk             |     2 |    12 |     4 |       ||    18
       Ration            |       |       |     5 |     4 ||     9
Armor: Leather armour    |    26 |    61 |    67 |       ||   154
       Ring mail         |       |       |       |   203 ||   203
Dodge: Dodged            |    57 |   212 |   235 |   378 ||   882
Block: Buckler           |       |       |    85 |   241 ||   326
       Rpst.: Falchion   |    15 |    76 |    36 |       ||   127
